 Dungeon Crawl Stone Soup version 0.25-a0-59-gf342c8b036 (webtiles) character file.

Game seed: 14851589605818807341, levelgen mode: deterministic

3157 Goomeeoh the Cleaver (level 9, -15/68 HPs)
             Began as a Demonspawn Gladiator on Oct 28, 2019.
             Was an Initiate of Makhleb.
             Killed from afar by a gargoyle (19 damage)
             ... with a stone arrow
             ... on level 7 of the Dungeon.
             The game lasted 00:13:23 (6719 turns).

Goomeeoh the Cleaver (Demonspawn Gladiator)         Turns: 6719, Time: 00:13:24

Health: -15/68     AC: 14    Str: 17    XL:     9   Next: 62%
Magic:  9/9        EV:  2    Int:  9    God:    Makhleb [......]
Gold:   257        SH: 14    Dex: 16    Spells: 8/8 levels left

rFire    . . .     SeeInvis .   a - +1 war axe (elec)
rCold    . . .     Gourm    .   u - +0 large shield
rNeg     . . .     Faith    .   H - +0 plate armour
rPois    .         Spirit   .   (helmet restricted)
rElec    .         Reflect  .   k - +0 cloak
rCorr    .         Harm     .   (no gloves)
MR       .....                  (no boots)
Stlth    ..........             (no amulet)
HPRegen  0.21/turn              (no ring)
MPRegen  0.11/turn              (no ring)

@: no status effects
A: antennae 1, claws 2, spiny 2, rot immunity
a: Renounce Religion


You were on level 7 of the Dungeon.
You worshipped Makhleb.
Makhleb was noncommittal.
You were not hungry.

You visited 1 branch of the dungeon, and saw 7 of its levels.

You collected 257 gold pieces.

Inventory:

Hand Weapons
 a - a +1 war axe of electrocution (weapon)
 y - a +0 war axe
Missiles
 d - 3 throwing nets (quivered)
Armour
 b - a +0 leather armour
 k - a +0 cloak (worn)
 u - a +0 large shield (worn)
 H - a +0 plate armour (worn)
Jewellery
 C - an uncursed ring of poison resistance {unknown}
 F - a +3 ring of evasion {unknown}
Wands
 w - a wand of digging (3)
Scrolls
 e - 2 scrolls of immolation {unknown}
 g - 7 scrolls of identify {unknown}
 h - 3 scrolls of teleportation {unknown}
 i - 2 scrolls of magic mapping {unknown}
 m - 4 scrolls of remove curse {unknown}
 o - 3 scrolls of amnesia {unknown}
 p - 2 scrolls of enchant armour {unknown}
 q - a scroll of enchant weapon {unknown}
 B - a scroll of noise {unknown}
 D - a scroll of random uselessness {unknown}
Potions
 c - a potion of might {unknown}
 n - a potion of brilliance {unknown}
 r - 2 potions of degeneration {unknown}
 s - 3 potions of curing
 t - a potion of heal wounds {unknown}
 v - a potion of resistance {unknown}
 x - a potion of flight {unknown}
 z - a potion of haste {unknown}
 A - a potion of lignification {unknown}
 E - a potion of cancellation {unknown}
Comestibles
 f - 6 rations
 j - 8 chunks of flesh


   Skills:
 + Level 5.0 Fighting
 + Level 8.7 Axes
 + Level 2.1 Throwing
 * Level 6.7 Armour
 - Level 2.7 Dodging
 + Level 4.1 Shields


You had 8 spell levels left.
You didn't know any spells.
Your spell library contained the following spells:

 Spells                   Type           Power        Failure   Level  Hunger
 Summon Small Mammal      Summ           #...         100%        1    ##.....
 Call Imp                 Summ           #.......     100%        2    ###....
 Call Canine Familiar     Summ           #.......     100%        3    ####...
 Summon Guardian Golem    Hex/Summ       #.......     100%        3    ####...
 Summon Ice Beast         Ice/Summ       #.......     100%        4    #####..
 Summon Lightning Spire   Summ/Air       #.......     100%        4    #####..


Dungeon Overview and Level Annotations

Branches:
Dungeon (7/15)
 Temple: D:4-7

Altars:
Kikubaaqudgha
Makhleb
Nemelex Xobeh
Okawaru
Qazlal
Ru
Sif Muna
Trog

Annotations:
D:3 1 runed translucent door, Esekla's ghost, amateur DEWz


Innate Abilities, Weirdness & Mutations

You have a pair of small antennae on your head.
You have very sharp fingernails.
You are mostly covered in sharp spines.
You are immune to rotting.


Message History

The gargoyle is heavily damaged.
The gargoyle hurls a stone arrow at you.
You block the stone arrow.
The gargoyle hits you with a +1 mace of protection.
* * * LOW HITPOINT WARNING * * *
You hit the gargoyle but do no damage.
The gargoyle is heavily damaged.
You block the gargoyle's attack.
You hit the gargoyle.
The gargoyle is severely damaged.
You block the gargoyle's attack.
You hit the gargoyle but do no damage.
The gargoyle is severely damaged.
You hit the gargoyle but do no damage.
The gargoyle is severely damaged.
The gargoyle hits you with a +1 mace of protection!
* * * LOW HITPOINT WARNING * * *
The gargoyle hurls a stone arrow at you.
The stone arrow hits you!!
You die...

........# .......######
########## ...######...##
#.#........ ..###.#.'÷...#
#..#........ ..# ##..####'####
#...#........ ..# #...#.......#
#....#........ ..####'##.⌠).÷⌠.#
#...."#........
..#888.##....⌠..##†...$(#<.......
..'....8#...⌠...@9s...$##........
..#888.##..⌠....##....%!#........
..####+##.⌠...⌠.# #....)#........
....# #.......# #....#........
....# ####+#### #...#........
....# #######..#........ ....#
#.....##.#........
....############.....####........
......................##.........


You could see a gargoyle and a scorpion.

Vanquished Creatures
  A hippogriff (D:7)
  2 wraiths (D:7)
  An orc warrior (D:6)
  A phantom (D:5)
  A sky beast (D:5)
  An ice beast (D:5)
  3 ogres
  2 centaurs
  A crocodile (D:7)
  A big kobold (D:7)
  3 bullfrogs (D:6)
  4 scorpions
  A killer bee (D:7)
  A howler monkey (D:4)
  2 jellies (D:6)
  3 crimson imps
  2 gnoll shamans (D:4)
  4 orc priests
  A centaur skeleton (D:6)
  7 hounds
  Terence (D:2)
  Jessica (D:2)
  2 iguanas (D:7)
  5 orc wizards
  A worker ant (D:6)
  A hound zombie (D:5)
  A hound skeleton (D:7)
  A howler monkey zombie (D:5)
  19 gnolls
  9 adders
  2 adder skeletons
  An adder zombie (D:6)
  2 worms
  A dart slug (D:2)
  8 leopard geckos
  22 orcs
  5 bats
  5 giant cockroaches
  2 goblins (D:1)
  10 hobgoblins
  10 jackals
  3 quokkas
  6 frilled lizards
  13 kobolds
  2 quokka zombies
  6 rats
181 creatures vanquished.

Vanquished Creatures (others)
  7 toadstools (D:1)
7 creatures vanquished.

Grand Total: 188 creatures vanquished

Notes
Turn   | Place    | Note
-------+----------+-------------------------------------------
     0 | D:1      | Goomeeoh the Demonspawn Gladiator began the quest for the
                  | Orb.
     0 | D:1      | Reached XP level 1. HP: 16/16 MP: 1/1
   221 | D:1      | Gained mutation: You are partially covered in sharp spines.
                  | [demonic ancestry]
   221 | D:1      | Reached XP level 2. HP: 22/22 MP: 2/2
   246 | D:1      | Reached skill level 3 in Axes
   725 | D:2      | Gained mutation: You are mostly covered in sharp spines.
                  | [demonic ancestry]
   725 | D:2      | Reached XP level 3. HP: 23/27 MP: 3/3
   757 | D:2      | Reached skill level 1 in Armour
   922 | D:2      | Found a bloodstained altar of Trog.
   952 | D:2      | Gained mutation: You have a pair of small antennae on your
                  | head. [demonic ancestry]
   952 | D:2      | Reached XP level 4. HP: 34/34 MP: 4/4
  1011 | D:2      | Noticed Terence
  1018 | D:2      | Killed Terence
  1160 | D:2      | Noticed Jessica
  1167 | D:2      | Killed Jessica
  1167 | D:2      | Reached skill level 4 in Axes
  1167 | D:2      | Reached XP level 5. HP: 31/39 MP: 5/5
  1258 | D:2      | Found an iron altar of Okawaru.
  1467 | D:3      | Found a runed translucent door.
  1912 | D:3      | Gained mutation: You have sharp fingernails. [demonic
                  | ancestry]
  1912 | D:3      | Reached XP level 6. HP: 26/46 MP: 6/6
  2270 | D:3      | Reached skill level 5 in Axes
  2712 | D:3      | Found a sacrificial altar of Ru.
  2789 | D:3      | Noticed Esekla's ghost (amateur DEWz)
  2966 | D:4      | Reached XP level 7. HP: 49/52 MP: 7/7
  3103 | D:4      | Reached skill level 1 in Shields
  3359 | D:4      | Found a stormy altar of Qazlal.
  3418 | D:4      | Reached skill level 6 in Axes
  3684 | D:5      | Entered Level 5 of the Dungeon
  4131 | D:5      | Gained mutation: You have very sharp fingernails. [demonic
                  | ancestry]
  4131 | D:5      | Reached XP level 8. HP: 43/58 MP: 8/8
  4236 | D:5      | Reached skill level 5 in Armour
  4756 | D:6      | Reached skill level 7 in Axes
  5291 | D:6      | Gained mutation: You are immune to rotting. [demonic
                  | ancestry]
  5291 | D:6      | Reached XP level 9. HP: 58/66 MP: 9/9
  5662 | D:6      | Found a burning altar of Makhleb.
  5671 | D:6      | Became a worshipper of Makhleb the Destroyer
  5698 | D:6      | Found a shimmering blue altar of Sif Muna.
  5698 | D:6      | Found an ancient bone altar of Kikubaaqudgha.
  5875 | D:6      | Found a sparkling altar of Nemelex Xobeh.
  5901 | D:6      | Reached skill level 8 in Axes
  6682 | D:7      | Noticed a gargoyle
  6695 | D:7      | Reached skill level 5 in Fighting
  6719 | D:7      | Killed from afar by a gargoyle

Levels and vault maps discovered:
D:1:      nagdon_arrival_double_spiral, layout_basic
D:2:      layout_loops_cross, bloody_trog, overflow_temple_1_default,
          uniq_jessica, uniq_terence
D:3:      layout_loops_ring, nicolae_overflow_hidden_temple, first_ration,
          ebering_ghost_sewer_d, grunt_decor_resistance,
          chequers_serial_rivers_micro_a, cheibrodos_gnoll_hut
D:4:      layout_layer_cave, lemuel_round_altar, minmay_temple_entry_glass,
          hangedman_abyss_or_decor_lesser_grid
D:5:      layout_loops_corners
D:6:      layout_basic, makhleb_grotto_becter, amethyst_overflow_temple_binary,
          nemelex_lonely_heart_becter
D:7:      minmay_chambers_of_sevens, layout_basic, grunt_ogre_cave,
          eino_small_chamber_without_monster

Skill      XL: |  1  2  3  4  5  6  7  8  9 |
---------------+----------------------------+-----
Throwing       | 2 |  2.1
Axes           | 3 4 5 6 7 8 |  8.7
Armour         | 1 2 3 4 5 6 |  6.7
Fighting       | 3 4 5 |  5.0
Shields        | 1 3 4 |  4.1
Dodging        | |  2.7

Action                   |  1- 3 |  4- 6 |  7- 9 || total
-------------------------+-------+-------+-------++-------
Melee: War axe           |    63 |   111 |   260 ||   434
  Use: Potion            |       |     2 |       ||     2
  Eat: Chunk             |       |     7 |    12 ||    19
Armor: Leather armour    |     5 |       |       ||     5
       Scale mail        |    23 |    49 |    19 ||    91
       Chain mail        |       |       |    58 ||    58
       Plate armour      |       |       |    24 ||    24
Dodge: Dodged            |    35 |    46 |    40 ||   121
Block: Buckler           |       |     8 |       ||     8
       Large shield      |       |    12 |   203 ||   215

Table legend:
 A = Non-vault XP
 B = Vault XP
 C = Vault XP percentage of total XP
 D = Non-vault monster count
 E = Vault monster count
 F = Vault count percentage of total count
                 A         B        C        D         E       F
            +---------+---------+-------+---------+---------+-------
      Total |    3229 |    1281 |  28.4 |     165 |      16 |   8.8
            +---------+---------+-------+---------+---------+-------
        D:1 |      32 |       0 |   0.0 |      17 |       0 |   0.0
        D:2 |     142 |      75 |  34.6 |      26 |       2 |   7.1
        D:3 |     247 |      99 |  28.6 |      31 |       3 |   8.8
        D:4 |     525 |       0 |   0.0 |      20 |       0 |   0.0
        D:5 |     788 |       0 |   0.0 |      23 |       0 |   0.0
        D:6 |    1151 |      46 |   3.8 |      36 |       1 |   2.7
        D:7 |     344 |    1061 |  75.5 |      12 |      10 |  45.5
            +---------+---------+-------+---------+---------+-------
